[Event "*** MasterClass Titled Tuesday Blitz"]
[Site "Chess.com"]
[Date "2017.07.04"]
[Round "3"]
[White "JammyDodger91"]
[Black "Rating-Schmating"]
[Result "1-0"]
[WhiteElo "2288"]
[BlackElo "2235"]
[TimeControl "180+2"]
[EndTime "13:32:54 PDT"]
[Termination "JammyDodger91 won by checkmate"]

1. e4 e6 2. d4 d5 3. Nc3 Bb4 4. e5 c5 5. a3 Bxc3+ 6. bxc3 Qc7 7. Qg4 f5 8. Qg3 Nc6 9. Ne2 cxd4 10. cxd4 Nge7 11. c3 O-O 12. h4 Bd7 13. h5 Na5 14. Nf4 Nb3 15. Rb1 Nxc1 16. Rxc1 Rac8 17. Rh3 Kh8 18.
Qg5 Ng8 19. Ng6+ hxg6 20. hxg6+ Nh6 21. Rxh6+ Kg8 22. Rh8+ Kxh8 23. Qh5+ Kg8 24. Qh7# 1-0

[Event "*** MasterClass Titled Tuesday Blitz"]
[Site "Chess.com"]
[Date "2017.07.04"]
[Round "3"]
[White "kharov2001"]
[Black "FLchessplayer"]
[Result "1-0"]
[WhiteElo "2041"]
[BlackElo "2042"]
[TimeControl "180+2"]
[EndTime "13:33:44 PDT"]
[Termination "kharov2001 won by checkmate"]

1. e4 c5 2. Nf3 d6 3. d4 cxd4 4.
Nxd4 Nf6 5. Nc3 g6 6. Be3 Bg7 7.
f3 O-O 8. Qd2 Nc6 9. O-O-O d5 10. Qe1 e6 11. h4 Bd7 12. h5 Nxh5 13. g4 Nf6 14. Bh6 Bxh6+ 15. Rxh6 Nxd4 16. Rxd4 e5 17. Rd2 d4 18. Nd5 Nxd5 19. exd5 Qf6 20. Rdh2 Rad8 21. Rxh7 Rfe8 22. Qd2 Kf8 23. d6 Qxd6 24. Qg5 f6 25. Qh6+ Kg8 26. Qg7# 1-0

[Event "*** MasterClass Titled Tuesday Blitz"]
[Site "Chess.com"]
[Date "2017.07.04"]
[Round "3"]
[White "Elshan1985"]
[Black "dhanushbharadwaj"]
[Result "1-0"]
[WhiteElo "2645"]
[BlackElo "2339"]
[TimeControl "180+2"]
[EndTime "13:34:17 PDT"]
[Termination "Elshan1985 won by resignation"]

1. d4 g6 2. h4 Bg7 3. h5 d6 4. e4 c5 5. dxc5 Qa5+ 6. Bd2 Qxc5 7. Bc3 Bxc3+ 8. Nxc3 Nf6 9. hxg6 fxg6 10. Nf3 Nc6 11. Qd2 Bg4 12. Ng5 h6 13. f3 Bd7 14. O-O-O Ne5 15. f4 Nc4 16. Bxc4 Qxc4 17. e5 O-O-O 18. exf6 hxg5 19. fxe7 Rde8 20. Rxh8 Rxh8 21. fxg5 Re8 22.
Qxd6 Qc6 23. Qf6 a6 24. Nd5 Bf5 25. Rd2 Kb8 26. Qe5+ Ka7 27. Nf6 Rc8 28. Qe3+ b6 29. e8=Q 1-0

[Event "*** MasterClass Titled Tuesday Blitz"]
[Site "Chess.com"]
[Date "2017.07.04"]
[Round "3"]
[White "162a54f5d"]
[Black "dalmatinac101"]
[Result "0-1"]
[WhiteElo "2444"]
[BlackElo "2586"]
[TimeControl "180+2"]
[EndTime "13:34:27 PDT"]
[Termination "dalmatinac101 won by resignation"]

1. d4 Nf6 2. Nf3 g6 3. g3 Bg7 4. Bg2 O-O 5. O-O d6 6. b3 a5 7. a4 Nc6 8. Bb2 e5 9. dxe5 Ng4 10. Nc3 Ngxe5 11. Nxe5 Nxe5 12. Qd2 c6 13. Rfd1 d5 14. h3 Be6 15. Kh2 h5 16. e4 d4 17. Ne2 c5 18.
Nf4 h4 19. Nd5 Qd6 20. Qe2 Bxd5 21. exd5 Rae8 22. Qb5 hxg3+ 23. fxg3 Ng4+ 24. hxg4 Re3 25. Qf1 Qxg3+ 26. Kg1 Be5 27. Qf2 Qh2+ 28. Kf1 Bg3 29. Qg1 Qh4 30. Bc1 Qf6+ 0-1

[Event "*** MasterClass Titled Tuesday Blitz"]
[Site "Chess.com"]
[Date "2017.07.04"]
[Round "3"]
[White "IljaZaragatski"]
[Black "JaimeSantosLatasa"]
[Result "1-0"]
[WhiteElo "2414"]
[BlackElo "2488"]
[TimeControl "180+2"]
[EndTime "13:34:30 PDT"]
[Termination "IljaZaragatski won by resignation"]

1. Nf3 d6 2. d4 g6 3. e4 Bg7 4.
Be2 a6 5. c4 Bg4 6. Nc3 Bxf3 7.
Bxf3 Nc6 8. Be3 e5 9. d5 Nd4 10. Bg4 h5 11. Bh3 c5 12. dxc6 bxc6 13. O-O c5 14. Qa4+ Kf8 15. f4 exf4 16. Bxf4 Be5 17. Kh1 Kg7 18. Nd5 Bxf4 19. Rxf4 Ne7 20. Raf1 Rf8 21. Nf6 Ne6 22. Bxe6 fxe6 23. Nxh5+ gxh5 24. Rxf8 1-0

[Event "*** MasterClass Titled Tuesday Blitz"]
[Site "Chess.com"]
[Date "2017.07.04"]
[Round "3"]
[White "Rokis13"]
[Black "DrVelja"]
[Result "0-1"]
[WhiteElo "2347"]
[BlackElo "2564"]
[TimeControl "180+2"]
[EndTime "13:34:43 PDT"]
[Termination "DrVelja won by resignation"]

1. e4 c5 2. Nc3 Nc6 3. Bb5 Nd4 4. Nf3 Nxb5 5. Nxb5 d6 6. O-O Nf6 7. Re1 a6 8. Nc3 e5 9. d3 h6 10. Nd2 Be7 11.
Nf1 O-O 12. Ne3 Be6 13. Qf3 b5 14. b3 Nd7 15. Nf5 Bxf5 16. Qxf5 Nb6 17. a4 b4 18. Ne2 g6 19. Qh3 Bg5 20. f4 exf4 21. Nxf4 Qf6 22. Nd5 Qxa1 23. Nxb6 Bxc1 24. Nxa8 Rxa8 25.
e5 Qd4+ 26. Kh1 Bd2 27. Rd1 Qxe5 28. Qf3 Re8 29. h3 Bf4 0-1

[Event "*** MasterClass Titled Tuesday Blitz"]
[Site "Chess.com"]
[Date "2017.07.04"]
[Round "3"]
[White "Aragon"]
[Black "Indianlad"]
[Result "0-1"]
[WhiteElo "2323"]
[BlackElo "2513"]
[TimeControl "180+2"]
[EndTime "13:34:58 PDT"]
[Termination "Indianlad won by resignation"]

1. e4 g6 2. d4 Bg7 3. Nc3 c6 4. Bc4 d6 5. Nf3 Nf6 6. Qe2 O-O 7. Bg5 b5 8. Bd3 b4 9. Nd1 Bg4 10. h3 Bxf3 11. Qxf3 Nbd7 12. Qe3 c5 13. c3 bxc3 14. bxc3 cxd4 15. cxd4 Qa5+ 16. Qd2 Qb6 17. Bc2 Rfc8 18. Be3 Qc6 19. Bb3 Nxe4 20. Qe2 Nc3 21. Qf3 Qxf3 22.
gxf3 Nxd1 23. Rxd1 Nb6 24. O-O a5 25. a4 d5 26. Rd3 e6 27. Bf4 Nc4 28. Re1 Bf8 29. Bc1 Bb4 30. Re2 Rc6 31. f4 Rac8 32. Be3 Nd6 33.
f3 Nf5 34. Bf2 Rc3 35. Red2 Rxb3 0-1

[Event "*** MasterClass Titled Tuesday Blitz"]
[Site "Chess.com"]
[Date "2017.07.04"]
[Round "3"]
[White "TeukkaSalama"]
[Black "LonesomeGeorge1"]
[Result "0-1"]
[WhiteElo "2066"]
[BlackElo "2270"]
[TimeControl "180+2"]
[EndTime "13:35:01 PDT"]
[Termination "LonesomeGeorge1 won by resignation"]

1. d4 Nf6 2. Bf4 b6 3. Nf3 Bb7 4. e3 g6 5. Be2 Bg7 6. O-O O-O 7. h3 d6 8. a4 a6 9. Nbd2 c5 10. c3 Nbd7 11. Bh2 Rc8 12. Re1 Rc7 13. Bd3 Qa8 14. e4 cxd4 15. Nxd4 Nc5 16. Qe2 Nxd3 17. Qxd3 Nd7 18. b4 Rfc8 19. Rac1 Ne5 20. Qe3 Nc4 21. Nxc4 Rxc4 22. Bf4 e5 0-1

[Event "*** MasterClass Titled Tuesday Blitz"]
[Site "Chess.com"]
[Date "2017.07.04"]
[Round "3"]
[White "FairChess_on_YouTube"]
[Black "Rodalquilar"]
[Result "1-0"]
[WhiteElo "2703"]
[BlackElo "2541"]
[TimeControl "180+2"]
[EndTime "13:35:10 PDT"]
[Termination "FairChess_on_YouTube won by resignation"]

1. d4 Nf6 2. Bg5 d5 3. Nd2 c5 4. dxc5 e5 5. b4 b6 6. e4 bxc5 7. Ngf3 Nc6 8. Bb5 Qb6 9. c4 dxc4 10. Qa4 Bd7 11. Nxc4 Qc7 12. Rd1 Rc8 13. O-O a6 14.
Bxa6 Ra8 15. b5 Nb4 16. Qb3 Be6 17. Nfxe5 Nxa6 18. bxa6 Nxe4 19. Qb5+ 1-0

[Event "*** MasterClass Titled Tuesday Blitz"]
[Site "Chess.com"]
[Date "2017.07.04"]
[Round "3"]
[White "djogrodek1"]
[Black "GMAkobianSTL"]
[Result "0-1"]
[WhiteElo "2329"]
[BlackElo "2556"]
[TimeControl "180+2"]
[EndTime "13:35:13 PDT"]
[Termination "GMAkobianSTL won by resignation"]

1. e4 d6 2. d4 Nf6 3. Nc3 c6 4. f4 Qa5 5. Bd3 e5 6. Nf3 exd4 7. Nxd4 Qb6 8. Nf3 Nbd7 9. Qe2 Be7 10. e5 dxe5 11.
fxe5 Nd5 12. Nxd5 cxd5 13. c3 Nc5 14. Bb5+ Bd7 15. Bxd7+ Nxd7 16. Be3 Bc5 17. Bxc5 Nxc5 18. Rd1 Rd8 19. Rd4 O-O 20. Rb4 Qc7 21. O-O Rfe8 22.
Rh4 h6 23. Qd2 Nd7 24. Qxd5 Nxe5 25. Qe4 Ng6 26. Qg4 Nxh4 27. Nxh4 Qb6+ 28. Kh1 Qf2 29.
Rg1 Re1 0-1

[Event "*** MasterClass Titled Tuesday Blitz"]
[Site "Chess.com"]
[Date "2017.07.04"]
[Round "3"]
[White "blitzcopter"]
[Black "CraiggoryC"]
[Result "0-1"]
[WhiteElo "2028"]
[BlackElo "2062"]
[TimeControl "180+2"]
[EndTime "13:35:26 PDT"]
[Termination "CraiggoryC won on time"]

1. e4 e6 2. d4 d5 3. Nd2 Be7 4. Ngf3 Nf6 5. e5 Nfd7 6. c3 c5 7. Bd3 Nc6 8. O-O a5 9. Re1 cxd4 10. cxd4 g5 11. h3 h5 12. Qa4 Qb6 13. Nb3 g4 14.
hxg4 hxg4 15. Nh2 Qc7 16. Nxg4 Nb6 17. Qb5 a4 18. Nc5 Ra5 19. Qxa5 Nxa5 20. Bd2 Nac4 21.
Bc3 Rg8 0-1

[Event "*** MasterClass Titled Tuesday Blitz"]
[Site "Chess.com"]
[Date "2017.07.04"]
[Round "3"]
[White "Gabrielian_Artur"]
[Black "Muisback26"]
[Result "0-1"]
[WhiteElo "2551"]
[BlackElo "2608"]
[TimeControl "180+2"]
[EndTime "13:35:42 PDT"]
[Termination "Muisback26 won by resignation"]

1. e4 c5 2. Nf3 Nc6 3. d4 cxd4 4. Nxd4 g6 5. Nc3 Bg7 6. Be3 Nf6 7. Bc4 O-O 8. Bb3 d6 9. f3 Bd7 10. h4 h5 11. Qd2 Rc8 12. Nxc6 Bxc6 13. O-O-O b5 14. Bh6 b4 15. Bxg7 Kxg7 16. Nd5 Bxd5 17. Bxd5 a5 18. Kb1 Qb6 19. Bb3 Qc6 20. Rhe1 a4 21. Bd5 Qb6 22. Qd4 Rc5 23. g4 e5 24. Qg1 Qc7 25. Re2 Rc8 26.
Rc1 a3 27. Bb3 axb2 28. Kxb2 Ra8 29. g5 Nd7 30. Qe1 Rc3 31. Qd2 Nc5 32. Re3 Nxb3 33.
cxb3 Rxc1 34. Qxc1 Rxa2+ 0-1

[Event "*** MasterClass Titled Tuesday Blitz"]
[Site "Chess.com"]
[Date "2017.07.04"]
[Round "3"]
[White "Alexander_Donchenko"]
[Black "scrapnel"]
[Result "1-0"]
[WhiteElo "2581"]
[BlackElo "2551"]
[TimeControl "180+2"]
[EndTime "13:35:44 PDT"]
[Termination "Alexander_Donchenko won by resignation"]

1. d4 Nf6 2. c4 e6 3. g3 d5 4.
Bg2 Bb4+ 5. Nd2 O-O 6. Nf3 b6 7. O-O Bb7 8. Ne5 Be7 9. b3 c5 10. Bb2 Qc7 11. Rc1 dxc4 12. Bxb7 Qxb7 13. Ndxc4 Rd8 14. Qc2 cxd4 15. Rfd1 Bc5 16. a3 a5 17. e3 Nc6 18. Nxc6 Qxc6 19. Ne5 Qd5 20. Bxd4 Bxd4 21.
Nc6 Re8 22. Rxd4 Qh5 23. Rh4 Qg5 24. Qc3 Nd5 25. Qd3 h6 26. Rhc4 b5 27. Rc5 b4 28.
a4 Qf6 29. Nxa5 Qb2 30. Qc2 Qf6 31. Nc6 Qf3 32. Rc4 Rac8 33. Qd1 Qf6 34. Nxb4 Rxc4 35. Rxc4 Rd8 36. Rd4 1-0

[Event "*** MasterClass Titled Tuesday Blitz"]
[Site "Chess.com"]
[Date "2017.07.04"]
[Round "3"]
[White "ulises2013"]
[Black "Blitzstream"]
[Result "0-1"]
[WhiteElo "2295"]
[BlackElo "2449"]
[TimeControl "180+2"]
[EndTime "13:35:57 PDT"]
[Termination "Blitzstream won by resignation"]

1. e4 e5 2. Nf3 Nf6 3. Nxe5 d5 4. exd5 Qxd5 5. Nf3 Bg4 6. Be2 Bd6 7. O-O Nc6 8. h3 h5 9. Nc3 Qf5 10. d3 O-O-O 11.
Be3 Bxh3 12. gxh3 Qxh3 13. Nb5 Qg4+ 14. Kh1 Qh3+ 15. Kg1 Nd5 16. Nxd6+ Rxd6 17. Nh2 Rg6+ 0-1

[Event "*** MasterClass Titled Tuesday Blitz"]
[Site "Chess.com"]
[Date "2017.07.04"]
[Round "3"]
[White "Aguiar94"]
[Black "Jospem"]
[Result "0-1"]
[WhiteElo "2418"]
[BlackElo "2609"]
[TimeControl "180+2"]
[EndTime "13:36:02 PDT"]
[Termination "Jospem won by resignation"]

1. e4 c5 2. Nf3 d6 3. d4 cxd4 4.
Nxd4 Nf6 5. Nc3 a6 6. h3 e6 7. g4 Be7 8. Bg2 O-O 9. O-O Nfd7 10. a4 Nc6 11. Be3 Nde5 12. Qe2 Nxd4 13. Bxd4 Nc6 14. Be3 Qc7 15. Qc4 Qa5 16. Rad1 Ne5 17. Qb3 Qc7 18. Bb6 Qc6 19. f4 Nc4 20. Bf2 Qc7 21. Rd4 Na5 22. Qa2 Bd7 23. Rfd1 Rac8 24. e5 d5 25. Rxd5 exd5 26.
Nxd5 Be6 27. Nxc7 Bxa2 28. Rd7 Bd8 29. Bb6 Nc4 30. a5 Nxb6 31. axb6 Be6 32. Nxe6 fxe6 33. Rxb7 Rxc2 34. f5 Rxb2 35. fxe6 Bxb6+ 36. Kh1 Rb1+ 37. Kh2 Bg1+ 38. Kg3 Rxb7 39. Bxb7 0-1

[Event "*** MasterClass Titled Tuesday Blitz"]
[Site "Chess.com"]
[Date "2017.07.04"]
[Round "3"]
[White "AdrianaNikolova"]
[Black "Federtiu"]
[Result "1-0"]
[WhiteElo "2326"]
[BlackElo "2440"]
[TimeControl "180+2"]
[EndTime "13:36:10 PDT"]
[Termination "AdrianaNikolova won by resignation"]

1. e4 g6 2. d4 Bg7 3. Nc3 a6 4. a4 d6 5. Be3 Nc6 6. h3 e5 7. Nge2 Nf6 8. g4 exd4 9. Nxd4 O-O 10. Bg2 d5 11. exd5 Nxd4 12. Bxd4 Re8+ 13. Be3 Bh6 14. O-O Bxe3 15. fxe3 h5 16. Qd4 Nd7 17. gxh5 Qg5 18. Ne4 Qxh5 19. Nf6+ Nxf6 20. Qxf6 Qh7 21. e4 Qg7 22.
Qf4 Qe5 23. Qxf7+ Kh8 24. Qxg6 Bd7 25. Rf7 1-0

[Event "*** MasterClass Titled Tuesday Blitz"]
[Site "Chess.com"]
[Date "2017.07.04"]
[Round "3"]
[White "evgenyermolaev"]
[Black "stuffings101"]
[Result "1-0"]
[WhiteElo "2309"]
[BlackElo "2184"]
[TimeControl "180+2"]
[EndTime "13:36:16 PDT"]
[Termination "evgenyermolaev won on time"]

1. e4 d6 2. d4 Nf6 3. Nc3 g6 4.
Be3 a6 5. f3 b5 6. Qd2 Nbd7 7. g4 h6 8. Nge2 Nb6 9. Ng3 c6 10. h4 Nfd7 11. f4 Nf6 12. g5 Ng4 13. Bg1 h5 14. f5 Qc7 15. Qf4 Bg7 16. Bd3 e5 17. fxe6 Bxe6 18. O-O-O O-O 19. Nf5 b4 20. Ne2 gxf5 21. exf5 Bd5 22. f6 Qd7 23. Ng3 Bxh1 24. Nf5 1-0

[Event "*** MasterClass Titled Tuesday Blitz"]
[Site "Chess.com"]
[Date "2017.07.04"]
[Round "3"]
[White "spirals5"]
[Black "Me_ch_an"]
[Result "1-0"]
[WhiteElo "2370"]
[BlackElo "2262"]
[TimeControl "180+2"]
[EndTime "13:36:17 PDT"]
[Termination "spirals5 won on time"]

1. e4 c5 2. Nc3 a6 3. g3 b5 4. a3 Bb7 5. Bg2 e6 6. Nge2 Nf6 7. d3 d5 8. exd5 Nxd5 9. O-O Nd7 10. Nxd5 Bxd5 11.
Bxd5 exd5 12. Nf4 Nf6 13. Re1+ Be7 14. Qe2 Ra7 15. h4 O-O 16. Bd2 Bd6 17. Qf3 Bc7 18. Re2 Bb8 19. Rae1 Rd7 20. Ng2 h6 21. Ne3 g6 22. Ng2 Kh7 23. Bf4 Bxf4 24. Nxf4 Kg7 25. Re5 d4 26. Qc6 Rd6 27. Qb7 Nd7 28. Re7 Qb6 29.
Rxd7 1-0

[Event "*** MasterClass Titled Tuesday Blitz"]
[Site "Chess.com"]
[Date "2017.07.04"]
[Round "3"]
[White "Malev212"]
[Black "Hikaru"]
[Result "0-1"]
[WhiteElo "2530"]
[BlackElo "2980"]
[TimeControl "180+2"]
[EndTime "13:36:22 PDT"]
[Termination "Hikaru won on time"]

1. e4 c5 2. Nf3 d6 3. d4 cxd4 4.
Nxd4 Nf6 5. Nc3 a6 6. h3 g6 7. Be3 Bg7 8. Qd2 b5 9. Bh6 Bxh6 10. Qxh6 Bb7 11. O-O-O b4 12. e5 bxc3 13. exf6 Qa5 14. Bc4 Bd5 15. Bxd5 Qxd5 16. Rhe1 Qxa2 17. bxc3 e5 18. Qg7 Rf8 19. f4 Nd7 20. fxe5 O-O-O 21. e6 Nb6 22. Kd2 Nc4+ 23. Ke2 fxe6 24. Rb1 Na5 25. Qa7 Qc4+ 0-1

[Event "*** MasterClass Titled Tuesday Blitz"]
[Site "Chess.com"]
[Date "2017.07.04"]
[Round "3"]
[White "Colombiano07"]
[Black "tigra"]
[Result "0-1"]
[WhiteElo "2331"]
[BlackElo "2635"]
[TimeControl "180+2"]
[EndTime "13:36:29 PDT"]
[Termination "tigra won by resignation"]

1. d4 Nf6 2. Bf4 e6 3. Nd2 c5 4.
e3 Nc6 5. c3 a6 6. Bd3 Nd5 7.
Bg3 cxd4 8. exd4 b5 9. Ngf3 f5 10. O-O h5 11. Ne5 h4 12. Nxc6 Qb6 13. Be5 Qxc6 14. c4 bxc4 15. Nxc4 d6 16. Rc1 dxe5 17. Nxe5 Qb7 18. Qa4+ Bd7 19. Qa5 Nf4 20. f3 Qxb2 21. Rc2 Qxd4+ 22. Kh1 Bb4 23. Qc7 Nxd3 24. Nc6 Qd6 25.
Qb7 O-O 26. Nxb4 Nxb4 27. Rb2 Nd3 28. Rd2 Rfb8 0-1

[Event "*** MasterClass Titled Tuesday Blitz"]
[Site "Chess.com"]
[Date "2017.07.04"]
[Round "3"]
[White "MarshKnight"]
[Black "Godzillator"]
[Result "0-1"]
[WhiteElo "2152"]
[BlackElo "2267"]
[TimeControl "180+2"]
[EndTime "13:36:34 PDT"]
[Termination "Godzillator won by resignation"]

1. e4 c6 2. d4 d5 3. Nd2 dxe4 4.
Nxe4 Nd7 5. Nf3 Ngf6 6. Nxf6+ Nxf6 7. Bd3 Bg4 8. Be3 e6 9. c3 Bd6 10. h3 Bh5 11. Qb3 Bxf3 12. gxf3 Qc7 13. Rg1 g6 14. Bg5 Nd5 15. Be4 Bf4 16. Bxd5 exd5 17. Bxf4 Qxf4 18. Qxb7 O-O 19. Qxc6 Rfe8+ 20. Kf1 Qxf3 21. Rg3 Qh1+ 22. Rg1 Qxh3+ 23. Rg2 Rad8 24. Kg1 Re4 25. Rg3 Qh5 26. Qc7 Rde8 27. Kg2 Rh4 28. Re3 Rg4+ 29. Rg3 Ree4 30.
Rh1 Rxg3+ 31. Qxg3 Qf5 32. Rh4 Re2 33. Qb8+ Kg7 34. Rf4 Qg5+ 35. Kf1 Re7 36. Rf3 Qh5 37. Qg3 Qh1+ 0-1

[Event "*** MasterClass Titled Tuesday Blitz"]
[Site "Chess.com"]
[Date "2017.07.04"]
[Round "3"]
[White "evgenysharapov"]
[Black "AaronGrabinsky_SPICE"]
[Result "1-0"]
[WhiteElo "2232"]
[BlackElo "2066"]
[TimeControl "180+2"]
[EndTime "13:36:35 PDT"]
[Termination "evgenysharapov won by resignation"]

1. e4 g6 2. d4 d6 3. Nc3 Bg7 4. f4 Nf6 5. Nf3 c5 6. dxc5 Qa5 7. Qd4 O-O 8. cxd6 exd6 9. Qd2 Qb6 10. Bd3 Nc6 11. Qf2 Qb4 12. O-O Re8 13. a3 Qa5 14. Bd2 Ng4 15. Qg3 Qb6+ 16. Kh1 Nf6 17. Rab1 Bd7 18.
Qf2 Qc7 19. h3 a6 20. Rbe1 h6 21. e5 Nh7 22. Nd5 Qb8 23. Bc3 dxe5 24. Nxe5 Nxe5 25. fxe5 Be6 26. Nf6+ Nxf6 27. exf6 Bf8 28. Bxg6 1-0

[Event "*** MasterClass Titled Tuesday Blitz"]
[Site "Chess.com"]
[Date "2017.07.04"]
[Round "3"]
[White "michaelk123"]
[Black "SovietCitizen"]
[Result "1-0"]
[WhiteElo "2270"]
[BlackElo "2244"]
[TimeControl "180+2"]
[EndTime "13:36:36 PDT"]
[Termination "michaelk123 won by checkmate"]

1. e4 e5 2. Nf3 Nc6 3. Bb5 Nf6 4. O-O Be7 5. Re1 O-O 6. Bxc6 dxc6 7. Nxe5 Re8 8. d4 c5 9. c3 cxd4 10. cxd4 Bd6 11.
Bf4 c5 12. dxc5 Bxc5 13. Nc3 Be6 14. Bg5 h6 15. Bh4 Be7 16. Qf3 Qa5 17. Bg3 Rac8 18.
h3 Ba3 19. bxa3 Qxc3 20. Rab1 Bxa2 21. Qxc3 Rxc3 22. Rxb7 Rxg3 23. fxg3 Rxe5 24. Rxa7 Bc4 25. a4 Kf8 26. a5 Nxe4 27. a6 Ke8 28. Ra8+ Ke7 29. a7 Bd5 30. Rb8 Kf6 31. Kh2 Re7 32. a8=Q Bxa8 33. Rxa8 g6 34. Ra4 Kf5 35. g4+ Kf4 36.
Rf1+ Ke3 37. Rf3+ Ke2 38. Ra2+ Nd2 39. Rc3 Rd7 40. Rf3 Kd1 41. Rf2 g5 42. Rb2 Ne4 43.
Rf1# 1-0

[Event "*** MasterClass Titled Tuesday Blitz"]
[Site "Chess.com"]
[Date "2017.07.04"]
[Round "3"]
[White "BilodeauA"]
[Black "Divertissement"]
[Result "1-0"]
[WhiteElo "2602"]
[BlackElo "2409"]
[TimeControl "180+2"]
[EndTime "13:36:39 PDT"]
[Termination "BilodeauA won by resignation"]

1. e4 c5 2. Nf3 Nc6 3. d4 cxd4 4. Nxd4 Qb6 5. Nb3 Nf6 6. Nc3 e6 7. Bd3 Be7 8. O-O a6 9. Be3 Qc7 10. f4 d6 11. Qf3 O-O 12. g4 b5 13. a4 b4 14. Nd1 Bb7 15. Nf2 g6 16. g5 Nh5 17.
Ng4 Kg7 18. Qh3 f5 19. gxf6+ Bxf6 20. f5 exf5 21. exf5 Ne5 22. Bh6+ Kg8 23. fxg6 Nxg4 24. Qxg4 Qc6 25. Qc4+ Qxc4 26. Bxc4+ d5 27. Be2 hxg6 28. Bxf8 Rxf8 29. Rad1 Kg7 30. Nc5 Ba8 31. Ne6+ 1-0

[Event "*** MasterClass Titled Tuesday Blitz"]
[Site "Chess.com"]
[Date "2017.07.04"]
[Round "3"]
[White "Andrjywa"]
[Black "FearlessKing64"]
[Result "1-0"]
[WhiteElo "2293"]
[BlackElo "2168"]
[TimeControl "180+2"]
[EndTime "13:36:40 PDT"]
[Termination "Andrjywa won by resignation"]

1. e4 c5 2. Nf3 d6 3. d4 cxd4 4. Nxd4 Nf6 5. Nc3 a6 6. Be3 e5 7. Nf3 h6 8. Bc4 Qc7 9. Bb3 Be7 10. Kf1 O-O 11. Kg1 Be6 12. h3 Bxb3 13. axb3 Qc6 14. Qd3 Nbd7 15. Kh2 Rad8 16. b4 Qc7 17. Rhd1 Nb6 18.
Bxb6 Qxb6 19. b5 axb5 20. Qxb5 Qxf2 21. Rd2 Qe3 22. Re1 Qf4+ 23. Kg1 Rd7 24. Nd5 Nxd5 25. Qxd7 Bh4 26. Rxd5 Bxe1 27. Nxe1 Qxe4 28. Rd1 Qb4 29. Qxd6 Qxb2 30. Kh1 Ra8 31. Qd3 Ra1 32. Rxa1 Qxa1 33. Qe4 Qc3 34. Kh2 g6 35. Nf3 f6 36. Qxg6+ 1-0

[Event "*** MasterClass Titled Tuesday Blitz"]
[Site "Chess.com"]
[Date "2017.07.04"]
[Round "3"]
[White "petrpalachev"]
[Black "AndrewDGreen"]
[Result "1-0"]
[WhiteElo "2513"]
[BlackElo "2205"]
[TimeControl "180+2"]
[EndTime "13:36:46 PDT"]
[Termination "petrpalachev won by resignation"]

1. e4 Nf6 2. e5 Nd5 3. d4 d6 4. c4 Nb6 5. exd6 exd6 6. Bd3 g6 7.
Ne2 Bg7 8. Be3 O-O 9. O-O Nc6 10. Nbc3 Nb4 11. b3 Nxd3 12. Qxd3 Re8 13. h3 c6 14.
Rfe1 d5 15. c5 Nd7 16. b4 b6 17. a3 a5 18. Ng3 Bb7 19. Qd2 Re6 20. Nf1 Qf8 21.
Nh2 f5 22. Nf3 h6 23. h4 bxc5 24. bxc5 Nf6 25. Bf4 Ne4 26. Nxe4 dxe4 27. Ne5 Rd8 28. Qa2 Qe8 29. Rab1 Ba6 30. Rb6 Kh7 31. Rxa6 Rxd4 32. Nc4 g5 33. hxg5 hxg5 34. Nd6 Qh5 35. Qxe6 Rd1 36.
Qxf5+ Kh6 37. Bxg5+ Qxg5 38. Nf7+ 1-0

[Event "*** MasterClass Titled Tuesday Blitz"]
[Site "Chess.com"]
[Date "2017.07.04"]
[Round "3"]
[White "improve_every_day"]
[Black "angieflynn"]
[Result "1-0"]
[WhiteElo "1960"]
[BlackElo "1738"]
[TimeControl "180+2"]
[EndTime "13:36:50 PDT"]
[Termination "improve_every_day won by checkmate"]

1. e4 e6 2. d4 d5 3. Nd2 Nf6 4. e5 Ne4 5. Bd3 Nxd2 6. Qxd2 c5 7. c3 Nc6 8. Ne2 Qb6 9. O-O Bd7 10. Kh1 cxd4 11. cxd4 Nxd4 12. Nxd4 Qxd4 13. Qe2 Qh4 14. Bb5 Qe7 15. Be3 Qb4 16. Bxd7+ Kxd7 17. a3 Qa5 18. b4 Qc7 19. Rfc1 Qxe5 20. Qb5+ Ke7 21. Qxb7+ Kf6 22.
Rc7 Bd6 23. Rxf7+ Kg6 24. g3 Qxa1+ 25. Kg2 Qe5 26. h4 Rhf8 27. h5+ Kxh5 28. Rxg7 Qe4+ 29. Kh3 Rg8 30. Rxh7+ Kg6 31. Qf7# 1-0

[Event "*** MasterClass Titled Tuesday Blitz"]
[Site "Chess.com"]
[Date "2017.07.04"]
[Round "3"]
[White "nihalsarin"]
[Black "maciek_92"]
[Result "1-0"]
[WhiteElo "2641"]
[BlackElo "2553"]
[TimeControl "180+2"]
[EndTime "13:37:11 PDT"]
[Termination "nihalsarin won by resignation"]

1. e4 c5 2. Nf3 Nc6 3. d4 cxd4 4. Nxd4 Nf6 5. Nc3 e5 6. Ndb5 d6 7. Nd5 Nxd5 8. exd5 Nb8 9. c4 Be7 10. Be3 a6 11. Nc3 O-O 12. Bd3 f5 13. f3 Bg5 14.
Bf2 Nd7 15. O-O Nf6 16. b4 Bd7 17. c5 Kh8 18. a4 Rc8 19. c6 bxc6 20. Bxa6 Rb8 21.
dxc6 Bxc6 22. b5 Ba8 23. a5 e4 24. fxe4 Ng4 25. Qd3 Bf4 26. g3 fxe4 27. Nxe4 Be5 28. Bd4 Rxf1+ 29. Rxf1 Nxh2 30. Bxe5 Bxe4 31. Qxd6 Nxf1 32.
Qxb8 Qxb8 33. Bxb8 Nd2 34. Bc8 Kg8 35. a6 Kf8 36.
Bb7 1-0

[Event "*** MasterClass Titled Tuesday Blitz"]
[Site "Chess.com"]
[Date "2017.07.04"]
[Round "3"]
[White "gena217"]
[Black "Adham_Fawzy"]
[Result "1-0"]
[WhiteElo "2476"]
[BlackElo "2402"]
[TimeControl "180+2"]
[EndTime "13:37:17 PDT"]
[Termination "gena217 won by checkmate"]

1. e4 c5 2. Nf3 Nc6 3. Bb5 g6 4. Bxc6 dxc6 5. d3 Bg7 6. h3 Nf6 7. Nc3 Nd7 8. Be3 e5 9. Qd2 h6 10. O-O Qe7 11. Nh2 Nf8 12. f4 exf4 13. Rxf4 Be6 14. Raf1 Nd7 15. R4f2 O-O-O 16. Ng4 Bxg4 17. Rxf7 Qe6 18. Rxg7 Bh5 19. Bxh6 Ne5 20. Bg5 Rdf8 21. Rxf8+ Rxf8 22. d4 Nf7 23. Be3 Nd6 24. dxc5 Nc4 25.
Qe1 Qf6 26. Rh7 Nxe3 27. Qxe3 Qf1+ 28. Kh2 Rf2 29. Qg3 Bf3 30. Qc7# 1-0

[Event "*** MasterClass Titled Tuesday Blitz"]
[Site "Chess.com"]
[Date "2017.07.04"]
[Round "3"]
[White "latigre"]
[Black "escher"]
[Result "1-0"]
[WhiteElo "1774"]
[BlackElo "2019"]
[TimeControl "180+2"]
[EndTime "13:37:17 PDT"]
[Termination "latigre won by resignation"]

1. e4 c5 2. Nc3 Nc6 3. f4 g6 4. Nf3 Bg7 5. Bb5 Nd4 6. a4 a6 7. Bc4 Nf6 8. d3 Nxf3+ 9. Qxf3 O-O 10. O-O d6 11. Ne2 Bg4 12. Qf2 d5 13. Bb3 dxe4 14.
h3 exd3 15. hxg4 Ne4 16. Qe3 dxe2 17. Qxe4 exf1=Q+ 18. Kxf1 Qd1+ 19. Kf2 Bd4+ 20. Kg3 Rad8 21. f5 Qf1 22. fxg6 Qf2+ 23. Kh3 e6 24. gxf7+ Rxf7 25. Bxe6 Rd6 26. Bxf7+ Qxf7 27. Bg5 Re6 28. Qf3 Qg6 29. Bh4 Be5 30. Qxb7 Qxc2 31. Qc8+ Kf7 32. Rf1+ Bf6 33.
Qd7+ Re7 34. Rxf6+ Kg8 35. Qxe7 Qd3+ 36. Rf3 1-0

[Event "*** MasterClass Titled Tuesday Blitz"]
[Site "Chess.com"]
[Date "2017.07.04"]
[Round "3"]
[White "dolynachess"]
[Black "dretch"]
[Result "0-1"]
[WhiteElo "2329"]
[BlackElo "2532"]
[TimeControl "180+2"]
[EndTime "13:37:21 PDT"]
[Termination "dretch won by checkmate"]

1. c4 c6 2. b3 d5 3. Bb2 Bg4 4.
Nf3 Bxf3 5. gxf3 e6 6. e3 Nf6 7. d3 Qa5+ 8. Nd2 Ba3 9. Qc1 Bxb2 10. Qxb2 Nbd7 11. f4 O-O 12. Be2 Rfe8 13. O-O e5 14. fxe5 Nxe5 15. Nf3 Ned7 16. Kh1 Ng4 17. Nd4 h5 18. Nf5 Re5 19. Nxg7 dxc4 20. bxc4 Ndf6 21. d4 Rg5 22. Qxb7 Rf8 23. Qxc6 Rxg7 24. Qf3 Qc7 25. Qg3 Ne4 26. Qxc7 Ngxf2+ 27. Rxf2 Nxf2# 0-1